 Dungeon Crawl Stone Soup version 0.31-a0-983-g7b6862f502 (webtiles) character file.

Game seed: 6396576874697076840

1263 Isekai the Cudgeller (level 8, -1/66 HPs)
             Began as a Demigod Fighter on Nov 3, 2023.
             Killed from afar by an electric eel (4 damage)
             ... with a bolt of electricity
             ... on level 6 of the Dungeon.
             The game lasted 00:41:00 (4097 turns).

Isekai the Cudgeller (Demigod Fighter)              Turns: 4097, Time: 00:41:01

Health: -1/66      AC: 17    Str: 21      XL:     8   Next: 6%
Magic:  5/10       EV:  7    Int: 10      God:
Gold:   324        SH:  9    Dex: 15 (17) Spells: 7/7 levels left

rFire   . . .        A - +3 rapier (venom)
rCold   . . .        x - +0 kite shield
rNeg    . . .        k - +0 chain mail
rPois   .            j - +0 helmet
rElec   .            u - +0 cloak
rCorr   .            g - +0 pair of gloves
SInv    .            (no boots)
Will    .....        (no amulet) Stlth
                     y - +4 ring of protection
HPRegen 0.31/turn    (no ring)
MPRegen 0.12/turn

%: no passive effects
@: no status effects
A: high MP 1, forlorn, divine attributes
a: no special abilities


You were on level 6 of the Dungeon.
You visited 1 branch of the dungeon, and saw 6 of its levels.

You collected 366 gold pieces.
You spent 42 gold pieces at shops.

Inventory:

Hand Weapons
 t - the +9 mace "Sizyvyhi" {antimagic, Str+5 Dex-5}
   (You found it on level 3 of the Dungeon)

   Str+5:     It affects your strength (+5).
   Dex-5:     It affects your dexterity (-5).
 z - a +0 heavy war axe
 A - a +3 rapier of venom (weapon)
Armour
 g - a +0 pair of gloves (worn)
 j - a +0 helmet (worn)
 k - a +0 chain mail (worn)
 u - a +0 cloak (worn)
 x - a +0 kite shield (worn)
Jewellery
 h - an amulet of magic regeneration
 y - a +4 ring of protection (left hand)
Scrolls
 b - 4 scrolls of teleportation {unknown}
 e - 4 scrolls of amnesia {unknown}
 f - a scroll of vulnerability {unknown}
 i - 2 scrolls of identify {unknown}
 m - 2 scrolls of blinking {unknown}
 q - a scroll of enchant weapon {unknown}
 r - a scroll of fog {unknown}
 s - a scroll of poison {unknown}
 w - a scroll of noise {unknown}
Potions
 a - a potion of berserk rage {unknown}
 c - a potion of curing
 d - 2 potions of might
 l - 2 potions of attraction {unknown}
 n - 4 potions of degeneration {unknown}
 o - 2 potions of enlightenment {unknown}
 p - a potion of brilliance {unknown}
 v - a potion of haste {unknown}


   Skills:
 + Level 4.2 Fighting
 + Level 2.9 Long Blades
 + Level 0.3(3.1) Axes
 + Level 5.1(5.2) Maces & Flails
 + Level 5.0 Armour
 + Level 1.7 Dodging
 + Level 4.6 Shields


You had 7 spell levels left.
You didn't know any spells.
Your spell library contained the following spells:

 Spells                   Type           Power      Damage    Failure   Level
 Sandblast                Erth           0%         2d4       99%         1
 Blink                    Tloc           0%         N/A       100%        2
 Lesser Beckoning         Tloc           0%         N/A       100%        2
 Momentum Strike          Conj/Tloc      0%         3d8       100%        2
 Passwall                 Tmut/Erth      0%         N/A       100%        2
 Stone Arrow              Conj/Erth      0%         3d7       100%        3
 Brom's Barrelling Bould  Conj/Erth      0%         2d3       100%        4


Dungeon Overview and Level Annotations

Branches:
Dungeon (6/15)             Temple (0/1) D:4

Shops:
D:1 (   D:4 !   D:6 :


Innate Abilities, Weirdness & Mutations

You have an increased reservoir of magic. (+10% MP)
You shall have no god before yourself.
Your divine heritage dramatically boosts your attributes as you level up.


Message History

You open the door.
There is an open door here.
There is an escape hatch in the ceiling here.
You feel magic returning to you.
Your +3 rapier of venom begins to drip with poison!
A - a +3 rapier of venom (weapon)
There is a stone staircase leading up here.
The electric eel shoots out a bolt of lightning at you!
The bolt of electricity hits the electric eel.
The electric eel completely resists.
The bolt of electricity hits you.
An electric eel is nearby!
You puncture the electric eel!
The electric eel is moderately wounded.
The electric eel shoots out a bolt of lightning at you!
The bolt of electricity hits you but does no damage.
The bolt of electricity hits you!
The bolt of electricity hits the electric eel.
The electric eel completely resists.
The bolt of electricity hits the electric eel.
The electric eel completely resists.
The electric eel shoots out a bolt of lightning at you!
The bolt of electricity hits you. The bolt of electricity hits you!
The bolt of electricity hits the electric eel.
The electric eel completely resists.
The bolt of electricity hits the electric eel.
The electric eel completely resists.
The electric eel shoots out a bolt of lightning at you!
The bolt of electricity hits the electric eel.
The electric eel completely resists.
The bolt of electricity hits you!
* * * LOW HITPOINT WARNING * * *
The electric eel shoots out a bolt of lightning at you!
The bolt of electricity hits you!
* * * LOW HITPOINT WARNING * * *
The electric eel shoots out a bolt of lightning at you!
The bolt of electricity misses you.
The electric eel shoots out a bolt of lightning at you!
The bolt of electricity hits you!
* * * LOW HITPOINT WARNING * * *
The bolt of electricity hits you.
You die...

# #.. ≈≈ #.## #.# #≈ #≈ # #.. #
#.# ≈ ≈≈≈≈# #.## # .##.# ≈#≈≈≈#≈
.#. # # ...##≈≈≈ ≈≈ .... # ##+##
#..~S #≈ ..##. # ##...## #..###
≈##~..##. # ##.....##
#@...##~~....##.## # ##.......##
#............##)..
####.........####...#.#########..
...'.........+...................
####.........####...#.#########..
# ##.......## ##.#...## ##. #
##.....## ##.....# ## # ##...##
##..<## # # ##'## ##.## ####


You could see an electric eel.

Vanquished Creatures
  Eustachio (D:6)
  A black bear (D:6)
  An ice beast (D:5)
  An ogre (D:5)
  3 phantoms
  Blork the orc (D:4)
  4 scorpions
  2 howler monkeys
  An orc priest (D:3)
  An iguana (D:5)
  6 adders
  3 gnolls (D:5)
  4 worms
  5 dart slugs
  9 orcs
  9 endoplasms
  4 giant cockroaches
  7 goblins
  3 hobgoblins
  3 jackals (D:4)
  2 kobolds
  4 quokkas
  7 ball pythons
  9 bats
  5 frilled lizards
  6 rats
102 creatures vanquished.

Notes
Turn   | Place    | Note
-------+----------+-------------------------------------------
     0 | D:1      | Isekai the Demigod Fighter began the quest for the Orb.
     0 | D:1      | Reached XP level 1. HP: 18/18 MP: 3/3
   324 | D:1      | Reached XP level 2. HP: 21/25 MP: 4/4
   376 | D:1      | Found Xadubroc's Antique Weapon Emporium.
  1050 | D:2      | Reached XP level 3. HP: 28/31 MP: 5/5
  1692 | D:3      | Identified the +9 mace "Sizyvyhi" {antimagic, Str+5 Dex-5}
  1849 | D:3      | Reached XP level 4. HP: 38/38 MP: 2/6
  2263 | D:4      | Noticed a phantom
  2272 | D:4      | Killed a phantom
  2273 | D:4      | Reached skill level 1 in Maces & Flails
  2273 | D:4      | Reached skill level 1 in Dodging
  2273 | D:4      | Reached XP level 5. HP: 45/45 MP: 2/7
  2323 | D:4      | Found a staircase to the Ecumenical Temple.
  2384 | D:4      | Found Arerr's Distillery.
  2452 | D:4      | Bought a potion of curing for 42 gold pieces
  2683 | D:4      | Noticed Blork the orc
  2688 | D:4      | Killed Blork the orc
  2689 | D:4      | Reached XP level 6. HP: 51/51 MP: 2/8
  2878 | D:5      | Entered Level 5 of the Dungeon
  2969 | D:5      | Reached XP level 7. HP: 30/58 MP: 3/9
  3724 | D:6      | Reached skill level 5 in Maces & Flails
  3724 | D:6      | Reached skill level 5 in Armour
  3751 | D:6      | Found Fimi Dugo's Tremendous Tomes.
  3922 | D:6      | Noticed Eustachio
  4009 | D:6      | Killed Eustachio
  4010 | D:6      | Reached XP level 8. HP: 29/66 MP: 3/10
  4097 | D:6      | HP: 3/66 [electric eel/bolt of electricity (9)]
  4097 | D:6      | Killed from afar by an electric eel

Illustrated notes

Levels and vault maps discovered:
D:1:      doesnt_arrival_eight_statues, layout_basic, serial_shops, shop
D:2:      layout_basic
D:3:      layout_rooms
D:4:      layout_basic, mainiacjoe_overflow_small_starburst,
          minmay_temple_entry_sparse_star, serial_shops,
          nicolae_shop_statue_plus, grunt_tough_drop, uniq_blork_the_orc
D:5:      layout_loops_ring, mainiacjoe_overflow_alcove_4, nicolae_letterblocks
          [nicolae_letter_subblock, nicolae_letter_subblock,
          nicolae_letter_subblock, nicolae_letter_subblock,
          nicolae_letter_subblock, nicolae_letter_subblock,
          nicolae_letter_subblock, nicolae_letter_subblock,
          nicolae_letter_subblock, nicolae_letter_subblock,
          nicolae_letter_subblock, nicolae_letter_subblock,
          nicolae_letter_subblock, nicolae_letter_subblock,
          nicolae_letter_subblock, nicolae_letter_subblock,
          nicolae_letter_subblock, nicolae_letter_subblock,
          nicolae_letter_subblock, nicolae_letter_subblock,
          nicolae_letter_subblock, nicolae_letter_subblock,
          nicolae_letter_subblock, nicolae_letter_subblock,
          nicolae_letter_subblock]
D:6:      layout_loops_corners, nicolae_shop_i_like_big_books, minivault_4,
          minmay_a_box_with_orc_wizards_in_it, uniq_eustachio

Skill      XL: |  1  2  3  4  5  6  7 |
---------------+----------------------+-----
Armour         | 3 4 5 |  5.0
Fighting       | 3 4 |  4.2
Long Blades    | 2 |  2.9
Shields        | 3 4 |  4.6
Maces & Flails | 1 2 3 5 |  5.1
Dodging        | 1 |  1.7
Axes           | |  0.3

Action                     |  1- 3 |  4- 6 |  7- 9 || total
---------------------------+-------+-------+-------++-------
  Melee: Long sword        |   142 |       |       ||   142
         Mace              |    15 |    83 |    82 ||   180
         War axe           |       |       |    18 ||    18
         Rapier            |       |       |     1 ||     1
    Use: Potion            |       |       |     1 ||     1
 Armour: Chain mail        |   201 |    67 |   142 ||   410
         Scale mail        |     9 |       |       ||     9
  Dodge: Dodged            |   114 |    30 |    85 ||   229
  Block: Buckler           |    57 |     8 |       ||    65
         Kite shield       |       |    28 |    67 ||    95

Table legend: (Time is in decaauts)
 A = Elapsed time spent in this place.
 B = Non-inter-level travel time spent in this place.
 C = Inter-level travel time spent in this place.
 D = Time resting spent in this place.
 E = Time spent auto-exploring this place.
 F = Levels seen in this place.
 G = Mean time per level.
                   A        B        C        D        E       F      G
               +--------+--------+--------+--------+--------+-----+--------+
         Total |   4228 |   1060 |   3168 |      0 |      0 |   6 |  704.7 |
       Dungeon |   4228 |   1060 |   3168 |      0 |      0 |   6 |  704.7 |
               +--------+--------+--------+--------+--------+-----+--------+

Top non-repeatable levels by time:
     D:1: 976 daAuts
     D:4: 741 daAuts
     D:5: 697 daAuts
     D:2: 683 daAuts
     D:6: 568 daAuts
     D:3: 561 daAuts
